 Dungeon Crawl Stone Soup version 0.20-a0-556-g892c87b (webtiles) character file.

90157 krabocopter the Blocker (level 15, -7/96 HPs)
             Began as a Gargoyle Gladiator on Feb 6, 2017.
             Was the Champion of Okawaru.
             Mangled by an orc warrior
             ... wielding a +0 dire flail
              (18 damage)
             ... while paralysed by an orc sorcerer
             ... on level 2 of the Orcish Mines.
             The game lasted 01:54:10 (23643 turns).

krabocopter the Blocker (Gargoyle Gladiator)       Turns: 23643, Time: 01:54:10

Health: -7/96      AC: 30    Str: 24    XL:     15   Next: 99%
Magic:  0/33       EV:  2    Int: 11    God:    Okawaru [******]
Gold:   1780       SH:  0    Dex: 19    Spells: 21/26 levels left

rFire    . . .     SeeInvis .   e - +6 morningstar "Gargoyle's Curse" {freeze, MP+9}
rCold    . . .     Gourm    .   r - +0 leather armour of the Hart {Dex+4}
rNeg     + . .     Faith    .   A - +2 shield {reflect}
rPois    ∞         Spirit   +   k - +1 helmet
rElec    +         Reflect  +   D - +2 cloak of the End {Str+6}
rCorr    .         Harm     .   c - +2 pair of gloves {archery}
MR       ++...                  z - +2 pair of boots of the Assassin {Detection Stab+ Stlth++}
Stlth    +++++.....             d - amulet of guardian spirit
Regen    0.3/turn               L - ring of protection from magic
                                g - +5 ring of evasion

@: paralysed, heroism, flying, studying Transmutations
A: big wings, negative energy resistance 1, electricity resistance, unbreathing,
petrification resistance, rot immunity, AC +11
a: Stop Flying, Heroism, Finesse, Renounce Religion


You were on level 2 of the Orcish Mines.
You worshipped Okawaru.
Okawaru was exalted by your worship.
You were not hungry.

You visited 4 branches of the dungeon, and saw 24 of its levels.
You also visited: Volcano.

You collected 2096 gold pieces.
You spent 316 gold pieces at shops.

Inventory:

Hand Weapons
 e - the +6 morningstar "Gargoyle's Curse" (weapon) {freeze, MP+9}
   (You found it on level 11 of the Dungeon)

   It has been specially enchanted to freeze those struck by it, causing extra
   injury to most foes and up to half again as much damage against particularly
   susceptible opponents.
   It can also slow down cold-blooded creatures.
   It affects your magic capacity (+9).
Armour
 c - a +2 pair of gloves of archery (worn)
 k - a +1 helmet (worn)
 r - the +0 leather armour of the Hart (worn) {Dex+4}
   (You found it on level 4 of the Dungeon)

   It affects your dexterity (+4).
 x - the +1 leather armour "Boseevvi" {rF+}
   (You found it on level 1 of the Lair of Beasts)

   It protects you from fire.
 z - the +2 pair of boots of the Assassin (worn) {Detection Stab+ Stlth++}
   (You found it in a volcano)

   It makes you much more stealthy.
 A - a +2 shield of reflection (worn)
 D - the +2 cloak of the End (worn) {Str+6}
   (You acquired it on level 1 of the Lair of Beasts)

   It affects your strength (+6).
Jewellery
 d - an amulet of guardian spirit (around neck)
 g - a +5 ring of evasion (left hand)
 i - an uncursed amulet of magic regeneration
 n - an uncursed ring of protection from fire
 I - an uncursed amulet of harm
 L - a ring of protection from magic (right hand)
 V - an uncursed ring of see invisible
 W - an uncursed ring of resist corrosion
Wands
 j - a wand of clouds (7/9)
 R - a wand of digging (13/24)
Scrolls
 b - 8 scrolls of teleportation
 o - 3 scrolls of enchant weapon
 u - 14 scrolls of remove curse
 v - 3 scrolls of blinking
 C - 3 scrolls of fog
 N - 3 scrolls of fear
 S - 5 scrolls of enchant armour
 T - 3 scrolls of magic mapping
 X - a scroll of amnesia
 Y - 2 scrolls of identify
 Z - a scroll of recharging
Potions
 a - 11 potions of curing
 h - 4 potions of haste
 m - 3 potions of magic
 s - 2 potions of ambrosia
 t - 4 potions of might
 w - 5 potions of heal wounds
 B - 2 potions of mutation
 F - 4 potions of berserk rage
 G - 8 potions of brilliance
 J - a potion of agility
 K - a potion of cancellation
 P - 5 potions of lignification
Books
 M - a manual of Transmutations
 Q - a book of Misfortune

   Spells                             Type                      Level
   a - Confusing Touch                Hexes                        1
   b - Confuse                        Hexes                        3
   c - Gell's Gravitas                Hexes/Translocation          3
   d - Petrify                        Transmutation/Earth          4
   e - Metabolic Englaciation         Hexes/Ice                    5
   f - Yara's Violent Unravelling     Hexes/Transmutation          5
 U - a book of Necromancy

   Spells                             Type                      Level
   a - Pain                           Necromancy                   1
   b - Animate Skeleton               Necromancy                   1
   c - Vampiric Draining              Necromancy                   3
   d - Regeneration                   Charms/Necromancy            3
   e - Animate Dead                   Necromancy                   4
   f - Control Undead                 Necromancy                   4
Comestibles
 f - 17 bread rations
 l - 7 fruits
 p - 17 meat rations
 q - 5 chunks of flesh
 O - 11 royal jellies


   Skills:
 - Level 12.0(17.0) Fighting
 - Level 12.0(17.0) Maces & Flails
 - Level 1.7(6.7) Throwing
 - Level 11.2(16.2) Armour
 - Level 10.3(15.3) Dodging
 + Level 13.8(18.8) Shields
 - Level 6.0 Spellcasting
 - Level 5.2 Necromancy
 - Level 8.2 Invocations


You had 21 spell levels left.
You knew the following spells:

 Your Spells              Type           Power        Failure   Level  Hunger
a - Pain                  Necr           ##..         2%          1    None
b - Repel Missiles        Chrm/Air       #.....       30%         2    ##.....
c - Blink                 Tloc           N/A          30%         2    ##.....


Dungeon Overview and Level Annotations

Branches:
Dungeon (15/15)            Temple (1/1) D:7            Lair (6/6) D:9
  Swamp (0/4) Lair:2       Spider (0/4) Lair:3        Slime (0/5) Lair:5
    Orc (2/2) D:10            Elf (0/3) Orc:2        Vaults (0/5) D:14
 Depths (0/5) D:15

Altars:
Ashenzari
Cheibriados
Dithmenos
Elyvilon
Fedhas
Gozag
Hepliaklqana
Kikubaaqudgha
Makhleb
Nemelex Xobeh
Okawaru
Qazlal
Ru
Sif Muna
Trog
Uskayaw
Vehumet
Xom
Yredelemnul
Zin
The Shining One
Jiyva

Shops:
D:4 !([%:   D:8 [[=*}

Portals:
Hell: Lair:6

Annotations:
D:4 bookshop, shop with int+7 buckler
D:6 Dowan, Duvessa
D:8 cloak +10 int
Lair:4 exclusion: 2 oklob plants
Lair:5 exclusion: oklob plant


Innate Abilities, Weirdness & Mutations

You are resistant to torment.
Your stone body is resilient. (AC +11)
You are immune to poison.
Your large and strong wings let you fly indefinitely.
You resist negative energy. (rN+)
You are resistant to electric shocks. (rElec)
You can survive without breathing.
You are immune to petrification.
You are immune to rotting.


Message History

You suddenly lose the ability to move!
The orc warrior hits you with a dire flail!
The orc warrior hits you with a short sword!
The orc sorcerer hits you but does no damage.
The orc knight hits you but does no damage.
The orc warrior no longer looks unusually strong.
The orc warrior hits you with a dire flail!
The orc warrior hits you with a short sword!
The orc sorcerer hits you but does no damage.
The orc knight roars a battlecry!
The orc warrior goes into a battle-frenzy!
The orc warrior hits you with a short sword.
The orc warrior hits you with a dire flail!
The orc sorcerer hits you but does no damage.
The orc knight hits you with a halberd!
* * * LOW HITPOINT WARNING * * *
The orc warrior hits you with a short sword!
* * * LOW HITPOINT WARNING * * *
The orc warrior hits you with a dire flail!!
You die...

........).....................##
........÷...##..........#......#
.............###..............##
.....[.........##............##
...........))...##...........##
...).)######.[...##...........##
......[).# ###....#............#
......#### ##)o.#......##...##
...#### #o@.#.##.####..## )).#
#.oo####### #....# ))## ÷.....#
#...## ).# { §..÷.÷.## ##.## ###
...÷...## ### { ...÷... .....##
# ...÷# #


You could see an orc knight, an orc sorcerer and 2 orc warriors.

Vanquished Creatures
  Kirke (Lair:4)
  2 fire giants
  Louise (D:15)
  A stone giant (Orc:2)
  Azrael (D:12)
  A red draconian (Volcano)
  Snorg (D:10)
  An ettin (Orc:2)
  Josephine (D:11)
  Fannar (D:10)
  5 hydras
  Harold (Lair:1)
  A catoblepas (D:13)
  Erica (D:11)
  4 centaur warriors (D:15)
  6 two-headed ogres
  2 death yaks
  3 orc high priests (Orc:2)
  2 tengu warriors
  A deep elf knight (D:14)
  A sixfirhy (Lair:6)
  A salamander mystic (Volcano)
  2 wizards
  4 orc knights
  Pikel (D:8)
  3 ugly things
  4 orc sorcerers
  8 elephants
  7 deep elf magi
  3 salamanders (Volcano)
  3 cyclopes
  Maurice (D:8)
  A black mamba (Lair:5)
  3 orange demons (Lair:6)
  3 torpor snails
  2 gargoyles
  7 spiny frogs
  8 kobold demonologists
  An efreet (D:13)
  8 rime drakes
  5 yaktaurs (D:14)
  A hellwing (Lair:6)
  A tengu conjurer (D:15)
  5 komodo dragons
  3 red devils (Lair:6)
  5 trolls
  Grinder (D:4)
  3 meliai (D:15)
  6 polar bears
  25 blink frogs
  A blink frog (shapeshifter) (D:15)
  A dream sheep (Lair:2)
  A meliai zombie (D:14)
  13 hippogriffs
  2 shadows
  3 wraiths (D:11)
  3 spriggans
  2 vampires
  27 yaks
  2 fire elementals (D:12)
  3 basilisks
  A human (D:8)
  3 wyverns
  Grum (Lair:1)
  3 hogs (D:8)
  3 vampire mosquitoes (D:15)
  A hungry ghost (D:12)
  Edmund (D:5)
  An acid dragon (D:13)
  10 water moccasins
  6 porcupines
  5 hell hounds
  10 orc warriors
  5 large abominations (D:12)
  5 black bears
  3 ice beasts
  4 phantoms
  4 sky beasts
  2 necrophages
  14 ogres
  7 small abominations (D:12)
  13 crocodiles
  7 wolves
  21 centaurs
  7 big kobolds
  15 bullfrogs
  2 water moccasin skeletons
  A hornet simulacrum (D:14)
  6 scorpions
  6 killer bees (D:11)
  3 wights (D:14)
  4 howler monkeys (D:8)
  9 crimson imps
  A centaur zombie (D:8)
  A quasit (D:9)
  A bullfrog zombie (D:12)
  A gnoll shaman (D:8)
  15 orc priests
  Ijyb (D:3)
  2 bullfrog skeletons
  4 hounds
  6 jellies
  4 centaur skeletons
  7 iguanas
  13 worker ants
  Terence (D:3)
  Natasha (twice) (D:2)
  17 orc wizards
  A killer bee zombie (D:8)
  A howler monkey zombie (D:7)
  Robin (D:4)
  3 gnolls (D:8)
  11 adders
  6 shadow imps
  10 oozes
  3 adder skeletons
  7 worms
  2 dart slugs (D:1)
  4 leopard geckos
  67 orcs
  9 bats
  3 giant cockroaches
  11 goblins
  15 hobgoblins
  12 jackals
  16 kobolds
  3 quokkas
  A ball python (D:1)
  2 frilled lizards
  9 rats
  2 fungi (Lair:6)
  2 plants
681 creatures vanquished.

Vanquished Creatures (others)
  An ogre mage (D:14)
  A cyclops (D:13)
  A human (Lair:4)
  A spriggan (Lair:4)
  A wolf (Lair:4)
  An iguana (D:8)
  A giant cockroach (D:3)
  A quokka (D:8)
  A bush (Lair:1)
  6 fungi
  6 plants
21 creatures vanquished.

Grand Total: 702 creatures vanquished

Notes
Turn   | Place    | Note
-------+----------+-------------------------------------------
     0 | D:1      | krabocopter the Gargoyle Gladiator began the quest for the Orb.
     0 | D:1      | Reached XP level 1. HP: 12/12 MP: 1/1
    45 | D:1      | Reached XP level 2. HP: 16/18 MP: 2/2
   188 | D:1      | Reached XP level 3. HP: 22/22 MP: 3/3
   619 | D:2      | Reached XP level 4. HP: 21/28 MP: 4/4
  1279 | D:2      | Noticed Natasha
  1285 | D:2      | Killed Natasha
  1285 | D:2      | Reached XP level 5. HP: 24/33 MP: 5/5
  1343 | D:2      | Noticed Natasha
  1381 | D:2      | Killed Natasha
  1381 | D:2      | Reached skill level 5 in Maces & Flails
  1543 | D:3      | Noticed Ijyb
  1587 | D:3      | Killed Ijyb
  1668 | D:3      | Noticed Terence
  1699 | D:3      | Killed Terence
  1699 | D:3      | Reached XP level 6. HP: 23/39 MP: 6/6
  1890 | D:3      | Found a sparkling altar of Nemelex Xobeh.
  1997 | D:3      | You fall through a shaft!
  2006 | D:4      | Found Yre Nih's Book Emporium.
  2029 | D:4      | Got a jewelled leather armour
  2040 | D:4      | Identified the cursed +0 leather armour of the Hart {Dex+4} (You found it on level 4 of the Dungeon)
  2154 | D:4      | Found Hyeczalim's Antique Weapon Shop.
  2181 | D:4      | Found Veweg's Armour Emporium.
  2218 | D:4      | Noticed Grinder
  2244 | D:4      | Paralysed by Grinder for 7 turns
  2253 | D:4      | Killed Grinder
  2253 | D:4      | Reached skill level 5 in Fighting
  2253 | D:4      | Reached XP level 7. HP: 23/44 MP: 7/7
  2520 | D:4      | Noticed Robin
  2564 | D:4      | Killed Robin
  2811 | D:4      | Found Ejaisu Wesi's Food Shoppe.
  2946 | D:4      | Found Ucro's Distillery.
  2951 | D:4      | Bought a potion of heal wounds for 65 gold pieces
  2951 | D:4      | Bought a potion of curing for 39 gold pieces
  2951 | D:4      | Bought a potion of mutation for 32 gold pieces
  3155 | D:5      | Entered Level 5 of the Dungeon
  3621 | D:5      | Reached XP level 8. HP: 51/51 MP: 8/8
  4115 | D:5      | Noticed Edmund
  4158 | D:5      | Killed Edmund
  4621 | D:6      | Noticed a deep elf mage
  4630 | D:6      | Noticed Duvessa
  4630 | D:6      | Noticed Dowan
  4772 | D:7      | Reached XP level 9. HP: 57/57 MP: 9/9
  4935 | D:7      | Found a staircase to the Ecumenical Temple.
  5023 | Temple   | Entered the Ecumenical Temple
  5059 | Temple   | Became a worshipper of Warmaster Okawaru
  5734 | D:8      | Found Qiofav's Armour Emporium.
  5797 | D:8      | Reached skill level 10 in Maces & Flails
  5829 | D:8      | Noticed Maurice
  5859 | D:8      | Killed Maurice
  6014 | D:8      | Reached * piety under Okawaru
  6170 | D:8      | Found Yjitt's Antique Armour Shop.
  6240 | D:8      | Noticed a two-headed ogre
  6386 | D:9      | Found a shimmering altar of Xom.
  6397 | D:9      | Noticed a death yak
  6446 | D:9      | Got a translucent chain mail
  6457 | D:9      | Identified the cursed +1 chain mail of Vehumet's Regard {*Corrode +Inv Dex+2} (You found it on level 9 of the Dungeon)
  6655 | D:9      | Noticed a death yak
  6682 | D:9      | Found a staircase to the Lair.
  6683 | D:9      | Noticed a death yak
  6911 | D:8      | Reached ** piety under Okawaru
  6911 | D:8      | Reached skill level 5 in Dodging
  6911 | D:8      | Reached XP level 10. HP: 51/66 MP: 10/10
  6977 | D:8      | Killed a two-headed ogre
  7194 | D:8      | Found Asuczy's Jewellery Emporium.
  7215 | D:8      | Found Kiarph Cenee's Gadget Emporium.
  7276 | D:8      | Noticed Pikel
  7306 | D:8      | Killed Pikel
  7319 | D:8      | Found Otietoq's Assorted Antiques.
  7505 | D:8      | Bought an uncursed ring of see invisible for 180 gold pieces
  7728 | D:9      | Killed a death yak
  7728 | D:9      | Reached *** piety under Okawaru
  7728 | D:9      | Reached skill level 10 in Fighting
  7963 | D:10     | Entered Level 10 of the Dungeon
  8018 | D:10     | Learned a level 1 spell: Pain
  8095 | D:10     | Reached XP level 11. HP: 45/73 MP: 11/11
  8110 | D:10     | Reached **** piety under Okawaru
  8329 | D:10     | Noticed Fannar
  8329 | D:10     | Noticed a two-headed ogre
  8957 | Lair:1   | Entered Level 1 of the Lair of Beasts
  9152 | D:10     | Killed a two-headed ogre
  9448 | D:10     | Found a staircase to the Orcish Mines.
  9641 | D:11     | Got a fine morningstar
  9643 | D:11     | Identified the +6 morningstar "Gargoyle's Curse" {freeze, MP+9} (You found it on level 11 of the Dungeon)
 10172 | D:11     | Reached ***** piety under Okawaru
 10194 | D:11     | Received a gift from Okawaru
 10196 | D:11     | Noticed Erica
 10229 | D:11     | Killed Erica
 10547 | D:11     | Noticed Josephine
 10549 | D:11     | Received a gift from Okawaru
 10549 | D:11     | Reached skill level 10 in Dodging
 10550 | D:11     | Got a fine battleaxe {god gift}
 10568 | D:11     | Killed Josephine
 10568 | D:11     | Reached XP level 12. HP: 76/81 MP: 12/12
 10606 | D:11     | Reached skill level 1 in Shields
 10648 | D:11     | Identified the +2 battleaxe "Hell-Harrower" {speed, Int+4} (Okawaru gifted it to you on level 11 of the Dungeon)
 10731 | D:11     | Noticed a fire giant
 10828 | D:10     | Reached skill level 2 in Shields
 11230 | Lair:1   | Reached skill level 3 in Shields
 11268 | Lair:1   | Received a gift from Okawaru
 11359 | Lair:1   | Noticed Harold
 11365 | Lair:1   | Reached skill level 4 in Shields
 11388 | Lair:1   | Killed Harold
 11541 | Lair:1   | Reached skill level 5 in Shields
 11639 | Lair:1   | Received a gift from Okawaru
 11642 | Lair:1   | Got a fine scale mail {god gift}
 11653 | Lair:1   | Identified the +1 scale mail "Xose" {rN+} (Okawaru gifted it to you on level 1 of the Lair of Beasts)
 11768 | Lair:1   | Noticed Grum
 11785 | Lair:1   | Killed Grum
 11806 | Lair:1   | Identified a scroll of acquirement
 11807 | Lair:1   | Got a warped cloak
 11819 | Lair:1   | Identified the +2 cloak of the End {Str+6} (You acquired it on level 1 of the Lair of Beasts)
 11868 | Lair:1   | Got a steaming leather armour
 11886 | Lair:1   | Identified the cursed +1 leather armour "Boseevvi" {rF+} (You found it on level 1 of the Lair of Beasts)
 12015 | Lair:2   | Found a staircase to the Swamp.
 12036 | Lair:2   | Reached skill level 6 in Shields
 12824 | Lair:2   | Reached skill level 1 in Invocations
 12853 | Lair:2   | Reached skill level 7 in Shields
 12989 | Lair:3   | Reached XP level 13. HP: 84/86 MP: 15/15
 13092 | Lair:3   | Reached skill level 8 in Shields
 13155 | Lair:3   | Found a dark tunnel.
 13199 | Volcano  | Entered a volcano
 13243 | Volcano  | Reached skill level 5 in Invocations
 13335 | Volcano  | Noticed a red draconian
 13357 | Volcano  | Killed a red draconian
 13357 | Volcano  | Reached ****** piety under Okawaru
 13822 | Lair:3   | Reached skill level 9 in Shields
 13848 | Lair:3   | Received a gift from Okawaru
 13849 | Lair:3   | Got a dazzling hunting sling {god gift}
 13886 | Lair:3   | Identified the +5 hunting sling of the Dead {freeze, +Blink rPois} (Okawaru gifted it to you on level 3 of the Lair of Beasts)
 13933 | Lair:3   | Found a hole to the Spider Nest.
 14354 | Lair:4   | Noticed Kirke
 14444 | Lair:4   | Killed Kirke
 14792 | Lair:4   | Reached skill level 10 in Shields
 15401 | Lair:5   | Found a staircase to the Slime Pits.
 15401 | Lair:5   | Found a viscous altar of Jiyva.
 15451 | Lair:5   | Received a gift from Okawaru
 15595 | Lair:5   | Gained mutation: You are partially covered in yellow scales. (AC +2) [potion of beneficial mutation]
 15612 | Lair:5   | Found a shadowy altar of Dithmenos.
 16204 | Lair:3   | Reached skill level 1 in Armour
 16264 | Lair:6   | Entered Level 6 of the Lair of Beasts
 16465 | Lair:6   | Reached skill level 11 in Shields
 16623 | Lair:6   | Gained mutation: Your large and strong wings let you fly indefinitely. [Gargoyle growth]
 16623 | Lair:6   | Reached XP level 14. HP: 92/92 MP: 20/20
 16800 | Lair:6   | Reached skill level 5 in Armour
 16993 | Lair:6   | Found a burning altar of Makhleb.
 17018 | Lair:6   | Received a gift from Okawaru
 17050 | Lair:6   | Reached skill level 12 in Shields
 17081 | Lair:6   | Found a gateway to Hell.
 17953 | D:11     | Killed a fire giant
 18461 | D:12     | Noticed Azrael
 18488 | D:12     | Killed Azrael
 19114 | D:12     | Reached skill level 13 in Shields
 19511 | D:13     | Received a gift from Okawaru
 19797 | D:13     | Reached skill level 1 in Necromancy
 19824 | D:13     | Reached skill level 1 in Spellcasting
 20453 | D:14     | Reached XP level 15. HP: 94/96 MP: 21/21
 20646 | D:14     | Learned a level 2 spell: Repel Missiles
 20649 | D:14     | Learned a level 2 spell: Blink
 20658 | D:14     | Got a shadowed robe
 20680 | D:14     | Identified the cursed +1 robe "Guf Guy" {rF+} (You found it on level 14 of the Dungeon)
 20813 | D:14     | Received a gift from Okawaru
 21123 | D:14     | Found a gate to the Vaults.
 21249 | D:14     | Gained mutation: You evolve. [potion of mutation]
 21249 | D:14     | Gained mutation: You are weak. (Str -2) [potion of mutation]
 21249 | D:14     | Gained mutation: You are clumsy. (Dex -2) [potion of mutation]
 21274 | D:15     | Entered Level 15 of the Dungeon
 21292 | D:15     | Reached skill level 10 in Armour
 21316 | D:15     | Found a staircase to the Depths.
 21317 | D:15     | Noticed a fire giant
 21830 | D:15     | Noticed Louise
 21846 | D:15     | Killed a fire giant
 21882 | D:15     | Killed Louise
 21882 | D:15     | Reached skill level 5 in Spellcasting
 21905 | D:15     | Received a gift from Okawaru
 22357 | D:11     | Lost mutation: You are clumsy. (Dex -2) [potion of cure mutation]
 22357 | D:11     | Lost mutation: You evolve. [potion of cure mutation]
 22357 | D:11     | Lost mutation: You are weak. (Str -2) [potion of cure mutation]
 22357 | D:11     | Lost mutation: You are partially covered in yellow scales. (AC +2) [potion of cure mutation]
 22515 | Orc:1    | Entered Level 1 of the Orcish Mines
 22550 | Orc:1    | Noticed Snorg
 22602 | D:10     | Killed Snorg
 22602 | D:10     | Reached skill level 5 in Necromancy
 22627 | D:10     | Killed Fannar
 22945 | Orc:2    | Entered Level 2 of the Orcish Mines
 22983 | Orc:2    | Found a staircase to the Elven Halls.
 23639 | Orc:2    | Paralysed by an orc sorcerer for 5 turns
 23643 | Orc:2    | Mangled by an orc warrior

Vault maps used:
D:1:      tarquinn_simple_flora_water_c
D:2:      grunt_decor_cap, uniq_natasha
D:3:      nemelex_lonely_heart_becter, uniq_iyjb, uniq_terence
D:4:      serial_shops, shop, kennysheep_little_box, shop,
          nicolae_shop_competitors_out_of_business,
          nicolae_shop_temple_entry_statues_fountains, serial_bayou,
          serial_bayou_lagoon_a, serial_bayou_pond_d, serial_bayou_ford_a,
          serial_bayou_shore_a, uniq_robin, uniq_grinder
D:5:      first_bread, uniq_edmund
D:6:      guppyfry_early_elven_hall, uniq_duvessa
D:7:      minmay_temple_entry_overgrown
D:8:      serial_shops, shop, shop, nicolae_shop_window_shopping, shop,
          nicolae_shop_crystal, grunt_livestock, uniq_maurice, uniq_pikel
D:9:      dpeg_lair_monsters, lemuel_statue_altar
D:10:     orc_0_dummy, uniq_fannar
D:11:     kennysheep_just_a_vault, uniq_josephine, uniq_erica
D:12:     laboratory, uniq_azrael
D:14:     hangedman_vaults_entry_quadrant_bands
D:15:     grunt_enter_depths_giant_problem, roderic_lattice_a, uniq_louise
Temple:   nicolae_temple_the_god_donut
Lair:1:   beast_lair_carwin_large_1, st_stairs_5, pond, uniq_harold, uniq_grum
Lair:2:   swamp_mist, grunt_forest_large_clearing_hut
Lair:3:   nicolae_spider_entry_non_spiders, enter_volcano_2
Lair:4:   wad_woods_settlement, minivault_19, minmay_lair_oklob_chamber,
          uniq_kirke
Lair:5:   lemuel_slime, slime_altar_1, basic_altar
Lair:6:   evil_forest
Orc:1:    uniq_snorg
Orc:2:    grunt_orc_tribal_feast
Volcano:  volcano_pools

Skill      XL: |  1  2  3  4  5  6  7  8  9 10 11 12 13 14 15 |
---------------+----------------------------------------------+-----
Fighting       | 3 4 5 7 9 10 11 12 | 12.0
Maces & Flails | 4 5 6 7 9 10 12 | 12.0
Dodging        | 5 7 10 | 10.3
Shields        | 7 11 13 | 13.8
Invocations    | 3 8 |  8.2
Armour         | 3 9 11 | 11.2
Necromancy     | 1 5 |  5.2
Spellcasting   | 1 6 |  6.0
Throwing       | |  1.7

Action                   |  1- 3 |  4- 6 |  7- 9 | 10-12 | 13-15 || total
-------------------------+-------+-------+-------+-------+-------++-------
Melee: Whip              |    97 |   209 |   597 |    65 |       ||   968
       Flail             |     1 |       |    10 |   349 |       ||   360
       Trident           |       |       |     8 |       |       ||     8
       Punch             |       |       |       |     1 |       ||     1
       Morningstar       |       |       |       |   439 |  1305 ||  1744
       Unarmed           |       |       |       |       |    42 ||    42
Invok: Heroism           |       |       |       |     5 |    11 ||    16
       Finesse           |       |       |       |       |     1 ||     1
 Abil: Fly               |       |       |       |       |     1 ||     1
  Use: Scroll            |       |     4 |     5 |    14 |    13 ||    36
       Potion            |       |     3 |     4 |       |     7 ||    14
 Stab: Sleeping          |       |       |     1 |       |    29 ||    30
       Held in net/web   |       |       |     2 |       |       ||     2
       Distracted        |       |       |       |       |     2 ||     2
  Eat: Chunk             |       |     5 |    15 |    19 |    32 ||    71
       Fruit             |       |       |       |     2 |     4 ||     6
Armor: Leather armour    |    31 |    78 |   126 |   212 |   270 ||   717
       Chain mail        |       |       |       |       |     1 ||     1
Dodge: Dodged            |    53 |   103 |   292 |   798 |   871 ||  2117
Block: Shield            |       |       |       |   146 |   904 ||  1050
       Reflection        |       |       |       |       |     7 ||     7
